 Dungeon Crawl Stone Soup version 0.30-a0-920-g7493c07aab (webtiles) character file.

Game seed: 7746021981376517969

8002 ragingrage the Carver (level 11, -5/72 HPs)
             Began as a Human Warper on Mar 22, 2023.
             Was a Priest of Nemelex Xobeh.
             Slain by a yak (6 damage)
             ... on level 9 of the Dungeon.
             The game lasted 00:17:52 (10717 turns).

ragingrage the Carver (Human Warper)               Turns: 10717, Time: 00:17:52

Health: -5/72      AC: 10    Str: 12    XL:     11   Next: 47%
Magic:  14/14      EV: 11    Int: 13    God:    Nemelex Xobeh [***...]
Gold:   175        SH:  5    Dex: 17    Spells: 2/14 levels left

rFire   . . .      SeeInvis .    a - +5 great sword (freeze)
rCold   . . .      Faith    .    (shield currently unavailable)
rNeg    . . .      Spirit   .    t - +2 ring mail {Will+}
rPois   .          Reflect  +    D - +0 hat
rElec   .          Rampage  .    F - +0 cloak
rCorr   .                        (no gloves)
Will    ++...                    j - +1 pair of boots {Fly}
Stlth   ++                       N - amulet of reflection
HPRegen 0.32/turn                f - +4 ring of slaying
MPRegen 0.14/turn                m - ring of willpower

@: flying
A: no striking features
a: Renounce Religion, Draw Escape, Draw Destruction, Draw Summoning, Triple Draw


You were on level 9 of the Dungeon.
You worshipped Nemelex Xobeh.
Nemelex Xobeh was most pleased with you.
You visited 2 branches of the dungeon, and saw 10 of its levels.

You collected 481 gold pieces.
You spent 306 gold pieces at shops.

Inventory:

Hand Weapons
 a - a +5 great sword of freezing (weapon)
 b - a +1 shortbow of freezing
 c - a +5 dagger
 V - a +2 scimitar
Missiles
 d - 4 boomerangs of dispersal
 r - 11 boomerangs
 z - 2 poisoned darts
 P - a throwing net
Armour
 i - the +7 plate armour of Death Resistance {Harm}
   (You found it on level 3 of the Dungeon)

   Harm:      It increases damage dealt and taken.
 j - a +1 pair of boots of flying (worn)
 t - a +2 ring mail of willpower (worn)
 D - a +0 hat (worn)
 F - a +0 cloak (worn)
 O - a +0 buckler
Jewellery
 f - a +4 ring of slaying (left hand)
 m - a ring of willpower (right hand)
 y - a ring of protection from fire
 A - a ring of protection from cold
 M - a ring of wizardry
 N - an amulet of reflection (around neck)
 Q - a +6 ring of strength
Wands
 g - a wand of flame (17)
 C - a wand of paralysis (5)
 I - a wand of acid (3)
 J - a wand of iceblast (15)
Scrolls
 l - 3 scrolls of enchant weapon
 n - 2 scrolls of blinking
 o - 2 scrolls of immolation
 p - 3 scrolls of teleportation
 s - a scroll of fog
 v - a scroll of butterflies {unknown}
 H - 2 scrolls of brand weapon
 K - 2 scrolls of enchant armour
 R - a scroll of magic mapping
 S - a scroll of silence {unknown}
 T - a scroll of fear {unknown}
 U - a scroll of identify
 W - a scroll of amnesia {unknown}
Potions
 e - 2 potions of attraction
 h - 2 potions of heal wounds {unknown}
 k - 2 potions of mutation
 q - 2 potions of magic
 u - a potion of brilliance {unknown}
 w - a potion of lignification {unknown}
 x - a potion of ambrosia {unknown}
 B - 2 potions of curing
 E - 2 potions of haste
 G - a potion of degeneration {unknown}
 L - 2 potions of might {unknown}


   Skills:
 - Level 2.0 Fighting
 + Level 13.9 Long Blades
 - Level 1.0 Throwing
 - Level 1.0 Armour
 - Level 2.0 Dodging
 - Level 3.0 Stealth
 - Level 2.0 Spellcasting
 + Level 9.1 Translocations
 + Level 2.8 Invocations
 + Level 2.5 Evocations


You had 2 spell levels left.
You knew the following spells:

 Your Spells              Type           Power      Damage    Failure   Level
a - Blink                 Tloc           50%        N/A       1%          2
b - Lesser Beckoning      Tloc           50%        N/A       1%          2
c - Vhi's Electric Charg  Tloc/Air       26%        N/A       26%         3
d - Manifold Assault      Tloc           25%        N/A       14%         4
e - Apportation           Tloc           50%        N/A       1%          1

Your spell library contained the following spells:

 Spells                   Type           Power      Damage    Failure   Level
 Freeze                   Ice            4%         1d3       50%         1
 Magic Dart               Conj           4%         1d3       50%         1
 Necrotise                Necr           4%         1d4       50%         1
 Sandblast                Erth           2%         2d4       50%         1
 Summon Small Mammal      Summ           4%         N/A       50%         1
 Call Imp                 Summ           1%         N/A       65%         2
 Passwall                 Tmut/Erth      0%         N/A       65%         2
 Teleport Other           Tloc           25%        N/A       4%          3
 Passage of Golubria      Tloc           25%        N/A       14%         4
 Frozen Ramparts          Ice            2%         1d1       86%         3
 Hailstorm                Conj/Ice       1%         3d3       86%         3
 Inner Flame              Hex/Fire       1%         N/A       86%         3
 Mephitic Cloud           Conj/Pois/Air  1%         N/A       86%         3
 Stone Arrow              Conj/Erth      2%         3d7       86%         3
 Cause Fear               Hex            0%         N/A       99%         4
 Conjure Ball Lightning   Conj/Air       0%         3x3d6     100%        6
 Discord                  Hex            0%         N/A       100%        8
 Disjunction              Tloc           12%        N/A       100%        8
 Shatter                  Erth           0%         3d5*      100%        9


Dungeon Overview and Level Annotations

Branches:
Dungeon (9/15)             Temple (1/1) D:4            Lair (0/5) D:8
    Orc: D:9-12

Altars:
Ashenzari
Cheibriados
Dithmenos
Elyvilon
Fedhas
Gozag
Hepliaklqana
Kikubaaqudgha
Nemelex Xobeh
Okawaru
Qazlal
Ru
Sif Muna
Trog
Uskayaw
Vehumet
Wu Jian
Xom
Yredelemnul
Zin
The Shining One

Shops:
D:8 ?

Annotations:
D:1 exclusion: downstairs
D:3 exclusion: upstairs
D:4 exclusion: downstairs
D:5 exclusion: downstairs
D:7 2 transporters, exclusion: downstairs
D:8 1 runed translucent door, Erica; pokedragonboy's ghost, novice NaWr


Message History

You slash the yak! You freeze the yak.
A wight comes into view. It is wielding a +0 trident.
The yak gores you but does no damage.
You hit the yak. You freeze the yak.
You kill the yak!
You completely miss the yak. You block the yak's attack.
You slice the yak!! You freeze the yak! You block the yak's attack.
The yak gores you!
You barely miss the yak. The yak gores you!
You barely miss the yak. The yak gores you.
You slice the yak!! You freeze the yak.
You kill the yak!
You closely miss the yak. The yak gores you!
You slash the yak! You freeze the yak. The yak gores you.
You hit the yak. You freeze the yak. The yak gores you!
You barely miss the yak. The yak gores you!
You completely miss the yak. The yak completely misses you.
You hit the yak. You freeze the yak. The yak gores you.
You slash the yak! You freeze the yak.
You kill the yak!
You barely miss the yak. You block the yak's attack.
The wight closely misses you.
You slash the yak! You freeze the yak. The yak gores you!
* * * LOW HITPOINT WARNING * * *
You block the wight's attack.
You closely miss the yak. The yak gores you but does no damage.
The wight hits you from afar with a +0 trident.
* * * LOW HITPOINT WARNING * * *
You slash the yak! You freeze the yak. The yak barely misses you.
The wight hits you from afar with a +0 trident.
* * * LOW HITPOINT WARNING * * *
You completely miss the yak. You block the yak's attack.
The wight barely misses you.
You slash the yak! You freeze the yak. The yak gores you.
* * * LOW HITPOINT WARNING * * *
The wight hits you from afar with a +0 trident.
* * * LOW HITPOINT WARNING * * *
You barely miss the yak. The yak gores you.
You die...
Your body disappears without a glow.

#..'.........# #..
####.........# #..
#.........# ###
#.........# ######'####
#.# ####+# ####.##
.......
#.....#####Y.....Y..
#)....#..@YY......Y.###
###.....#.###z.....Y.K'.#
........#.#
........#.####
###.......# ...... #..Y..
#.....### ###+ #####.
#.....# ## ##.#### #. ##
###+######


You could see 3 yaks and a wight.

Vanquished Creatures
  Maurice (D:9)
  A tengu conjurer (D:8)
  2 trolls (D:8)
  A hornet (D:8)
  Sigmund (D:5)
  A wyvern (D:8)
  16 yaks
  3 wargs
  3 water moccasins
  2 ice beasts
  A black bear (D:5)
  3 orc warriors
  2 centaurs
  2 ogres (D:5)
  2 phantoms
  2 gnoll sergeants (D:7)
  A bullfrog (D:7)
  2 scorpions
  14 wights
  7 killer bees
  2 howler monkeys
  3 jellies
  2 quasits
  6 orc priests
  A gnoll bouda (D:6)
  4 hounds
  2 iguanas
  8 orc wizards
  12 gnolls (D:7)
  4 adders
  5 shadow imps
  4 white imps
  7 ufetubi
  A worm (D:5)
  A dart slug (D:1)
  23 orcs
  6 ball pythons
  7 bats
  4 endoplasms
  2 giant cockroaches
  9 goblins
  4 hobgoblins
  3 jackals (D:4)
  3 kobolds
  5 quokkas
  4 frilled lizards
  7 rats
206 creatures vanquished.

Vanquished Creatures (others)
  4 demonic plants (D:8)
  A plant (D:2)
5 creatures vanquished.

Grand Total: 211 creatures vanquished

Notes
Turn   | Place    | Note
-------+----------+-------------------------------------------
     0 | D:1      | ragingrage the Human Warper began the quest for the Orb.
     0 | D:1      | Reached XP level 1. HP: 16/16 MP: 3/3
   258 | D:1      | Reached skill level 1 in Stealth
   258 | D:1      | Reached XP level 2. HP: 22/22 MP: 5/5
   495 | D:1      | Reached XP level 3. HP: 24/27 MP: 6/6
   536 | D:1      | Learned a level 2 spell: Blink
   539 | D:1      | Learned a level 2 spell: Lesser Beckoning
   972 | D:2      | Reached skill level 3 in Long Blades
  1134 | D:1      | Reached XP level 4. HP: 9/33 MP: 7/7
  1833 | D:3      | Found a faded altar of an unknown god.
  1842 | D:3      | Identified the +7 plate armour of Death Resistance {Harm}
  2221 | D:3      | Prayed at the altar of an unknown god.
  2221 | D:3      | Became a worshipper of the Shining One
  2221 | D:3      | Reached * piety under the Shining One
  2294 | D:4      | Reached skill level 4 in Long Blades
  2376 | D:4      | Found a staircase to the Ecumenical Temple.
  2389 | Temple   | Entered the Ecumenical Temple
  2572 | Temple   | Fell from the grace of the Shining One
  2572 | Temple   | Became a worshipper of Nemelex Xobeh the Trickster
  2647 | D:4      | Reached XP level 5. HP: 38/38 MP: 8/8
  3009 | D:4      | Reached skill level 5 in Long Blades
  3328 | D:4      | Reached XP level 6. HP: 16/44 MP: 9/9
  3484 | D:5      | Entered Level 5 of the Dungeon
  3665 | D:5      | Learned a level 3 spell: Vhi's Electric Charge
  3702 | D:5      | Noticed an ogre
  3781 | D:4      | Reached skill level 6 in Long Blades
  4151 | D:6      | Reached * piety under Nemelex Xobeh
  4239 | D:5      | Killed an ogre
  4240 | D:5      | Reached XP level 7. HP: 50/50 MP: 10/10
  4314 | D:5      | Reached skill level 7 in Long Blades
  4339 | D:5      | Received a gift from Nemelex Xobeh
  4441 | D:5      | Noticed Sigmund
  4444 | D:5      | Noticed an orange demon
  4452 | D:5      | Killed Sigmund
  4602 | D:5      | Found a snail-covered altar of Cheibriados.
  4603 | D:5      | Found a bloodstained altar of Trog.
  4604 | D:5      | Found a hide-covered altar of Uskayaw.
  4604 | D:5      | Found a blossoming altar of Fedhas.
  4792 | D:5      | Reached skill level 8 in Long Blades
  4792 | D:5      | Reached XP level 8. HP: 44/56 MP: 11/11
  5211 | D:5      | Reached skill level 9 in Long Blades
  5404 | D:5      | Reached skill level 10 in Long Blades
  5724 | D:6      | Reached XP level 9. HP: 61/61 MP: 12/12
  6146 | D:7      | Reached ** piety under Nemelex Xobeh
  6397 | D:7      | Found a transporter.
  6416 | D:7      | Found a transporter.
  6564 | D:7      | Received a gift from Nemelex Xobeh
  6722 | D:7      | Reached skill level 5 in Translocations
  7295 | D:8      | Reached skill level 11 in Long Blades
  7535 | D:8      | Found a runed translucent door.
  7538 | D:8      | Noticed pokedragonboy's ghost (novice NaWr)
  7540 | D:8      | Noticed a +3 dagger of chaos
  7657 | D:7      | Learned a level 4 spell: Manifold Assault
  7659 | D:7      | Learned a level 1 spell: Apportation
  7728 | D:8      | Noticed a troll
  7735 | D:8      | Killed a troll
  7736 | D:8      | Reached XP level 10. HP: 42/67 MP: 13/13
  7914 | D:8      | Found a shimmering altar of Xom.
  7959 | D:8      | Got Hyek's Compendium of Liminal Silt
  8075 | D:8      | Reached skill level 12 in Long Blades
  8685 | D:8      | Found a staircase to the Lair.
  9209 | D:8      | Found Lociggem's Magic Scroll Emporium.
  9233 | D:8      | Bought a scroll of magic mapping for 90 gold pieces
  9233 | D:8      | Bought a scroll of enchant armour for 90 gold pieces
  9233 | D:8      | Bought a scroll of enchant weapon for 90 gold pieces
  9233 | D:8      | Bought a scroll of teleportation for 36 gold pieces
  9277 | D:8      | Noticed Erica
  9326 | D:8      | Reached skill level 13 in Long Blades
  9622 | D:9      | Reached *** piety under Nemelex Xobeh
  9841 | D:9      | Reached XP level 11. HP: 72/72 MP: 14/14
  9929 | D:9      | Noticed Maurice
  9949 | D:9      | Killed Maurice
  9987 | D:9      | Reached skill level 1 in Invocations
  9989 | D:9      | Reached skill level 1 in Evocations
 10687 | D:9      | Received a gift from Nemelex Xobeh
 10716 | D:9      | HP: 1/72 [wight/+0 trident (4)]
 10717 | D:9      | Slain by a yak

Illustrated notes

Levels and vault maps discovered:
D:1:      ebering_trefoil_3fold, layout_rooms, minivault_5, minmay_crystal_room
D:2:      layout_basic, serial_bayou_pond_e, kennysheep_generic_room_7
D:3:      layout_rooms, basic_ecumenical_altar
D:4:      layout_loops_corners, temple_green, roderic_serpentine_path
D:5:      layout_loops_ring, mainiacjoe_overflow_alcove_3, uniq_sigmund
D:6:      layout_cave_pools
D:7:      gammafunk_steamed_eel, layout_loops_corners, lightli_minifort
D:8:      minmay_ornate_pinched, layout_loops_corners,
          erik_lair_orcish_takeover, ebering_ghost_xom, serial_demonic,
          serial_demonic_d, serial_demonic_e, serial_demonic_a,
          serial_demonic_d, serial_demonic_f, serial_shops,
          nicolae_shop_window_shopping, uniq_erica
D:9:      layout_roguey, uniq_maurice
Temple:   bh_familiar_temple

Skill      XL: |  1  2  3  4  5  6  7  8  9 10 11 |
---------------+----------------------------------+-----
Stealth        | 1 2 3 |  3.0
Long Blades    | 3 4 5 6 8 10 11 13 | 13.9
Translocations | 6 8 9 |  9.1
Invocations    | 2 |  2.8
Evocations     | 2 |  2.5
Fighting       | |  2.0
Throwing       | |  1.0
Armour         | |  1.0
Dodging        | |  2.0
Spellcasting   | |  2.0

Action                     |  1- 3 |  4- 6 |  7- 9 | 10-12 || total
---------------------------+-------+-------+-------+-------++-------
  Melee: Falchion          |    83 |    75 |    52 |       ||   210
         Punch             |     1 |     1 |     1 |       ||     3
         Dagger            |       |     2 |     1 |     4 ||     7
         Great sword       |       |       |    91 |   195 ||   286
   Fire: Sling             |       |    32 |    16 |       ||    48
         Shortbow          |       |       |    62 |    24 ||    86
  Throw: Boomerang         |     1 |       |     1 |     1 ||     3
         Dart              |       |     3 |     2 |       ||     5
   Cast: Manifold Assault  |       |       |       |     3 ||     3
 Invoke: Draw Destruction  |       |       |     1 |     3 ||     4
         Draw Summoning    |       |       |     1 |       ||     1
  Evoke: Wand              |       |     2 |     3 |     7 ||    12
    Use: Scroll            |       |     3 |     6 |     1 ||    10
         Potion            |       |       |       |     2 ||     2
   Stab: Sleeping          |     1 |       |       |       ||     1
         Paralysed         |       |     2 |     1 |     4 ||     7
 Armour: Leather armour    |    10 |       |       |       ||    10
         Ring mail         |    47 |    54 |    75 |    67 ||   243
  Dodge: Dodged            |    55 |    57 |    85 |    88 ||   285
  Block: Other             |       |       |    23 |    40 ||    63
         Reflection        |       |       |     1 |       ||     1

Table legend: (Time is in decaauts)
 A = Elapsed time spent in this place.
 B = Non-inter-level travel time spent in this place.
 C = Inter-level travel time spent in this place.
 D = Time resting spent in this place.
 E = Time spent auto-exploring this place.
 F = Levels seen in this place.
 G = Mean time per level.
                   A        B        C        D        E       F      G
               +--------+--------+--------+--------+--------+-----+--------+
         Total |  10823 |  10121 |    702 |   2973 |   4877 |  10 | 1082.3 |
       Dungeon |  10610 |   9962 |    648 |   2973 |   4726 |   9 | 1178.9 |
        Temple |    212 |    158 |     54 |      0 |    151 |   1 |  212.0 |
               +--------+--------+--------+--------+--------+-----+--------+

Top non-repeatable levels by time:
     D:8: 2216 daAuts
     D:5: 1707 daAuts
     D:7: 1562 daAuts
     D:4: 1197 daAuts
     D:9: 978 daAuts
     D:1: 900 daAuts
     D:2: 766 daAuts
     D:6: 679 daAuts
     D:3: 603 daAuts
  Temple: 212 daAuts
